 Dungeon Crawl Stone Soup version 0.16-a0-3946-g4f19e5c (webtiles) character file.

59 timbw the Firebug (level 3, 0/26 HPs)
             Began as a Centaur Fire Elementalist on Feb 9, 2015.
             Slain by a worker ant (3 damage)
             ... on level 4 of the Dungeon.
             The game lasted 00:04:48 (1201 turns).

timbw the Firebug (Centaur Fire Elementalist)       Turns: 1201, Time: 00:04:49

Health: 0/26       AC:  4    Str: 10    XL:     3   Next: 78%
Magic:  0/5        EV:  9    Int: 15    God:
Gold:   85         SH:  0    Dex:  9    Spells: 2 memorised, 1 level left

rFire  . . .     SeeInvis .       - Unarmed
rCold  . . .     Clarity  .     a - +0 robe
rNeg   + . .     SustAb   +     (no shield)
rPois  .         Gourm    .     (no helmet)
rElec  .         Spirit   .     (no cloak)
rCorr  .         Warding  +     (no gloves)
rMut   .         Stasis   .     (no barding)
MR     .....                    i - amulet of warding
Stlth  +.........               (no ring)
                                n - ring of sustain abilities

@: lethally poisoned (0 -> -7), very slightly contaminated, very quick, not
resistant to hostile enchantments, very unstealthy
A: hooves 3, deformed body, speed 2, tough skin 3
a: no special abilities


You were on level 4 of the Dungeon.
You were not hungry.

You visited 1 branch of the dungeon, and saw 4 of its levels.

You collected 85 gold pieces.

Inventory:

Missiles
 k - 15 poisoned needles
Armour
 a - a +0 robe (worn)
Jewellery
 i - an amulet of warding (around neck)
 n - a ring of sustain abilities (left hand)
Scrolls
 g - a scroll of recharging
Potions
 f - 2 potions of brilliance
 l - a potion of restore abilities {unknown}
 o - 3 potions of curing {unknown}
Books
 b - a book of Flames

   Spells                             Type                      Level
   a - Flame Tongue                   Conjuration/Fire             1
   b - Throw Flame                    Conjuration/Fire             2
   c - Conjure Flame                  Conjuration/Fire             3
   d - Inner Flame                    Hexes/Fire                   3
   e - Sticky Flame                   Conjuration/Fire             4
   f - Fireball                       Conjuration/Fire             5
Comestibles
 m - a beef jerky


   Skills:
 - Level 1.3 Dodging
 - Level 1.2 Stealth
 * Level 3.0 Unarmed Combat
 - Level 1.5 Spellcasting
 - Level 1.2 Conjurations
 - Level 3.0 Fire Magic


You had one spell level left.
You knew the following spells:

 Your Spells              Type           Power        Failure   Level  Hunger
a - Flame Tongue          Conj/Fire      #....        12%         1    ##.....
b - Conjure Flame         Conj/Fire      #.......     30%         3    ####...


Dungeon Overview and Level Annotations

Branches:
Dungeon (4/15)
 Temple: D:4-7

Altars:
Fedhas
Zin

Shops:
D:2 *


Innate Abilities, Weirdness & Mutations

You have hooves in place of feet.
Armour fits poorly on your strangely shaped body.
You cover ground very quickly.
You have extremely tough skin (AC +3).


Message History

The flame tongue hits the worker ant.
The worker ant is moderately wounded.
You feel sick. The worker ant barely misses you.
Casting: Flame Tongue
Confirm with . or Enter, or press ? or * to list all spells.
You don't have enough magic to cast that spell.
Unknown command.
You closely miss the worker ant.
The worker ant is moderately wounded.
You feel sick. The worker ant bites you.
* * * LOW HITPOINT WARNING * * *
You closely miss the worker ant.
The worker ant is moderately wounded.
The worker ant bites you.
* * * LOW HITPOINT WARNING * * *
You barely miss the worker ant. Your kick misses the worker ant.
The worker ant is moderately wounded.
* * * LOW HITPOINT WARNING * * *
You feel sick. The worker ant bites you.
You die...

#. ##.. .....
.(...##########.
.................#
.......a@.....)..#
...##?##......####
#### #.###### ._.
......##)#######.
...
.................
..#
.#######.########
#.# #.# ### #..
#.# #.#####.# #.#
#....##.#


You could see a worker ant.

Vanquished Creatures
  3 adders
  An adder skeleton (D:4)
  An orc (D:3)
  2 bats
  A giant cockroach (D:2)
  4 hobgoblins
  2 jackals (D:1)
  A kobold (D:3)
  A quokka (D:4)
  A ball python (D:4)
  2 giant geckos
  A giant newt (D:2)
  4 goblins
  2 rats (D:2)
26 creatures vanquished.

Notes
Turn   | Place    | Note
--------------------------------------------------------------
     0 | D:1      | timbw, the Centaur Fire Elementalist, began the quest for the Orb.
     0 | D:1      | Reached XP level 1. HP: 14/14 MP: 2/2
     7 | D:1      | Reached skill level 1 in Conjurations
   213 | D:2      | Reached XP level 2. HP: 2/20 MP: 0/3
   424 | D:2      | Reached skill level 3 in Fire Magic
   433 | D:2      | Found Zin's Purification Station.
   434 | D:2      | Found a glowing silver altar of Zin.
   489 | D:2      | Reached skill level 1 in Unarmed Combat
   662 | D:3      | Reached XP level 3. HP: 24/26 MP: 1/5
   761 | D:3      | Learned a level 3 spell: Conjure Flame
   997 | D:4      | Found a blossoming altar of Fedhas.
  1201 | D:4      | Slain by a worker ant

Action                   || total
-------------------------++-------
Melee: Unarmed           ||    85
 Cast: Flame Tongue      ||    46
  Use: Scroll            ||     6
  Eat: Bread ration      ||     1
